AoeStats
← Irri

Four Lakes

509300195Analyzed
1v1 RM · 7d ago on Sep 26, 2026· 20m 34s· 2 players
Game mode
Random Map
Map size
Tiny (2 player)
Population
200
Speed
Normal
Resources
Standard
Victory
Conquest
Starting age
Dark Age
Ending age
Imperial Age
RankedLock teamsTeams togetherTeam positionsShared explorationLock speedFull tech treeHidden civsTurbo modeCheats
Victory
Defeat
🇪🇨 Lithuanians · Ecuador
1035
+16
🇦🇺 Aztecs · Australia
1040
-16
[TKILLA] Elmiko
5:22 Loom
10:57 Feudal Age
15:45 Castle Age
13:49 Double-Bit Axe
14:07 Horse Collar
15:38 Forging
15:34 Scale Barding Armor
16:14 Gold Mining
17:40 Husbandry
20:02 Fletching
20:52 Bloodlines
Irri
6:21 Loom
10:14 Feudal Age
18:14 Castle Age
18:10 Double-Bit Axe
18:09 Horse Collar
Connection lost

Rejoining the realm…

Still unreachable

The connection could not be restored.

Session expired

The server has moved on; the page needs a fresh start.